 Dungeon Crawl Stone Soup version 0.31-a0-700-gf13585253f (webtiles) character file.

Game seed: 3550448602094753886

22 Iich the Trooper (level 2, 0/24 HPs)
             Began as a Demonspawn Fighter on Sept 7, 2023.
             Succumbed to a kobold's poison
             ... on level 1 of the Dungeon.
             The game lasted 00:01:09 (377 turns).

Iich the Trooper (Demonspawn Fighter)                Turns: 377, Time: 00:01:10

Health: 0/24       AC:  6    Str: 16    XL:     2   Next: 68%
Magic:  2/2        EV:  9    Int:  9    God:
Gold:   28         SH:  9    Dex: 18    Spells: 1/1 levels left

rFire   . . .        a - +0 war axe
rCold   . . .        c - +0 buckler
rNeg    . . .        b - +0 scale mail
rPois   .            (no helmet)
rElec   .            (no cloak)
rCorr   .            (no gloves)
SInv    .            (no boots)
Will    .....        (no amulet) Stlth
                     f - +6 ring of dexterity
HPRegen 0.24/turn    (no ring)
MPRegen 0.08/turn

%: no passive effects
@: lethally poisoned (0 -> -14)
A: condensation shield
a: no special abilities


You were on level 1 of the Dungeon.
You visited 1 branch of the dungeon, and saw 1 of its levels.

You collected 28 gold pieces.

Inventory:

Hand Weapons
 a - a +0 war axe (weapon)
Armour
 b - a +0 scale mail (worn)
 c - a +0 buckler (worn)
Jewellery
 f - a +6 ring of dexterity (left hand)
Scrolls
 e - a scroll of revelation
 g - a scroll of noise {unknown}
 h - a scroll of vulnerability
Potions
 d - a potion of might


   Skills:
 + Level 3.1 Fighting
 + Level 2.0 Axes
 + Level 2.9 Armour
 * Level 1.1 Dodging
 + Level 2.9 Shields


You had one spell level left.
You didn't know any spells.
Your spell library was empty.

Dungeon Overview and Level Annotations

Branches:
Dungeon (1/15)

Altars:


Innate Abilities, Weirdness & Mutations

A meltable shield of frost defends you. (SH +4)


Message History

Health restored: 24 A frilled lizard comes into view.
A frilled lizard is nearby!
You block the frilled lizard's attack.
You hit the frilled lizard.
You kill the frilled lizard!
No target in view!
No target in view!
A kobold comes into view. It is wielding a +0 dagger of venom.
The kobold shouts!
The kobold throws a stone.
You block the stone.
The kobold hits you with a +0 dagger of venom.
You take 2 damage, and have 22/24 hp.
You barely miss the kobold. The kobold hits you but does no damage.
You are poisoned.
You closely miss the kobold.
You feel very sick. The kobold hits you but does no damage.
You take 3 damage, and have 19/24 hp.
You hit the kobold but do no damage.
You feel sick.
A bat comes into view.
The kobold hits you but does no damage.
You are more poisoned.
The kobold hits you with a +0 dagger of venom.
You are lethally poisoned!
The bat moves out of view.
You take 4 damage, and have 15/24 hp.
You hit the kobold.
You kill the kobold!
* * * LOW HITPOINT WARNING * * *
You feel extremely sick.
You take 8 damage, and have 7/24 hp. !!!!--MASSIVE DAMAGE--!!!!
Unknown command.
Okay, then.
* * * LOW HITPOINT WARNING * * *
You feel very sick.
Things that are here:
a +0 dagger of venom; a stone; a kobold corpse You take 5 damage, and have 2/24 hp. !!!!--MASSIVE DAMAGE--!!!!
You die...

##########
#.)@.....#
########.######...
#.........#
#.######...#
#######.# #.......
.....##.#
#...####...
####.##.### #.....
..# # #.##...#
#.##### #.# #
#.####.# #..# #.#


There were no monsters in sight!

Vanquished Creatures
  2 bats (D:1)
  3 goblins (D:1)
  5 hobgoblins (D:1)
  A quokka (D:1)
  3 ball pythons (D:1)
  2 frilled lizards (D:1)
  3 kobolds (D:1)
19 creatures vanquished.

Notes
Turn   | Place    | Note
-------+----------+-------------------------------------------
     0 | D:1      | Iich the Demonspawn Fighter began the quest for the Orb.
     0 | D:1      | Reached XP level 1. HP: 18/18 MP: 1/1
   163 | D:1      | Gained mutation: A meltable shield of frost defends you.
                  | (SH +4) [demonic ancestry]
   163 | D:1      | Reached XP level 2. HP: 24/24 MP: 2/2
   218 | D:1      | Reached skill level 1 in Dodging
   377 | D:1      | Succumbed to a kobold's poison

Illustrated notes

Levels and vault maps discovered:
D:1:      dpeg_arrival_rooms_with_view, layout_loops_ring

Skill      XL: |  1  2 |
---------------+-------+-----
Dodging        | 1 |  1.1
Axes           | 2 |  2.0
Fighting       | |  3.1
Armour         | |  2.9
Shields        | |  2.9

Action                     || total
---------------------------++-------
  Melee: War axe           ||    48
    Use: Scroll            ||     2
 Armour: Scale mail        ||    29
  Dodge: Dodged            ||    20
  Block: Buckler           ||    28

Table legend: (Time is in decaauts)
 A = Elapsed time spent in this place.
 B = Non-inter-level travel time spent in this place.
 C = Inter-level travel time spent in this place.
 D = Time resting spent in this place.
 E = Time spent auto-exploring this place.
 F = Levels seen in this place.
 G = Mean time per level.
                   A        B        C        D        E       F      G
               +--------+--------+--------+--------+--------+-----+--------+
         Total |    397 |    397 |      0 |      0 |    275 |   1 |  397.0 |
       Dungeon |    397 |    397 |      0 |      0 |    275 |   1 |  397.0 |
               +--------+--------+--------+--------+--------+-----+--------+

Top non-repeatable levels by time:
     D:1: 397 daAuts
